 Dungeon Crawl Stone Soup version 0.28-a0-1174-g766a6a42ef (webtiles) character file.

Game seed: 5203625253983056510

0 popbob the Magician (level 1, 0/10 HPs)
             Began as a Deep Elf Hedge Wizard on Dec 16, 2021.
             Killed from afar by a dart slug (3 damage)
             ... with a slug dart
             ... on level 1 of the Dungeon.
             The game lasted 00:00:41 (127 turns).

popbob the Magician (Deep Elf Hedge Wizard)          Turns: 127, Time: 00:00:41

Health: 0/10       AC:  2    Str:  7    XL:     1   Next: 0%
Magic:  7/7        EV: 12    Int: 18    God:
Gold:   5          SH:  0    Dex: 14    Spells: 7/8 levels left

rFire   . . .      SeeInvis .   a - +0 dagger
rCold   . . .      Faith    .   (no shield)
rNeg    . . .      Spirit   .   b - +0 robe
rPois   .          Reflect  .   c - +0 hat
rElec   .          Harm     .   (no cloak)
rCorr   .          Rampage  .   (no gloves)
Will    .....                   (no boots)
Stlth   ++........              (no amulet)
HPRegen 0.03/turn               (no ring)
MPRegen 0.10/turn               (no ring)

@: no status effects
A: no striking features
a: no special abilities


You were on level 1 of the Dungeon.
You visited 1 branch of the dungeon, and saw 1 of its levels.

You collected 5 gold pieces.

Inventory:

Hand Weapons
 a - a +0 dagger (weapon)
Armour
 b - a +0 robe (worn)
 c - a +0 hat (worn)
Scrolls
 d - a scroll of enchant armour {unknown}


   Skills:
 + Level 2.4 Dodging
 + Level 2.4 Stealth
 + Level 4.4 Spellcasting
 + Level 1.1 Conjurations
 + Level 1.1 Summonings
 + Level 1.1 Translocations


You had 7 spell levels left.
You knew the following spells:

 Your Spells              Type           Power      Damage    Failure   Level
a - Magic Dart            Conj           28%        1d4       9%          1

Your spell library contained the following spells:

 Spells                   Type           Power      Damage    Failure   Level
 Slow                     Hex            12%        N/A       14%         1
 Blink                    Tloc           14%        N/A       14%         2
 Call Imp                 Summ           7%         N/A       14%         2
 Conjure Flame            Conj/Fire      5%         6-21      34%         3
 Mephitic Cloud           Conj/Pois/Air  5%         N/A       36%         3


Dungeon Overview and Level Annotations

Branches:
Dungeon (1/15)

Altars:


Message History

t - Shout!
Orders for allies: a - Attack new target. r - Retreat! s - Stop attacking. g - Guard the area. f - Follow me.
Anything else - Cancel.
You shout for attention!
What are your orders? t - Shout!
Orders for allies: a - Attack new target. r - Retreat! s - Stop attacking. g - Guard the area. f - Follow me.
Anything else - Cancel.
You shout for attention!
Found a buckler.
Found a weird runed staff.
Found 15 gold pieces.
A dart slug comes into view.
You see here a +0 buckler.
Found a scroll labelled NOQYIHEAGH.
You see here a staff of cold.
You see here a +0 buckler.
You see here a +0 buckler.
You see here a +0 buckler.
You see here a staff of cold.
A frilled lizard comes into view.
The dart slug launches a dart at you. The slug dart hits you.
Ouch! That really hurt!
A dart slug comes into view.
Found a mace.
The frilled lizard hisses angrily.
A dart slug comes into view.
The frilled lizard bites you.
* * * LOW HITPOINT WARNING * * *
The dart slug launches a dart at you. The slug dart misses you.
You closely miss the frilled lizard. The frilled lizard barely misses you.
The dart slug launches a dart at you. The slug dart hits you.
You die...

.......... ..## #.##.#.#
#.. ..... #.#)# .......
..# #.#. #w.w #.#.#.# #.#
###... ... #.....# #.#
#...## ..##.#.#.#
#.###...#
#.#.#.#.###.......#
#.####.wl#.......###...#
#.......@........###...##
###..#..###..............
# #..# #.#....#######.
#..# #..###.# . #..###.##
##.# #...|.[# .# ##.###.#
.. .... #..# ... #.
###........ ...# #.


You could see 2 dart slugs and a frilled lizard.

Vanquished Creatures (others)
  2 plants (D:1)
2 creatures vanquished.

Notes
Turn   | Place    | Note
-------+----------+-------------------------------------------
     0 | D:1      | popbob the Deep Elf Hedge Wizard began the quest for the
                  | Orb.
     0 | D:1      | Reached XP level 1. HP: 10/10 MP: 7/7
   127 | D:1      | Killed from afar by a dart slug

Illustrated notes

Levels and vault maps discovered:
D:1:      tarquinn_simple_flora_water_c, layout_loops_ring,
          ebering_ecumenical_altar_petrified, minmay_hexomino_f4

Action                   || total
-------------------------++-------
Melee: Dagger            ||     3
Dodge: Dodged            ||     2

Table legend: (Time is in decaauts)
 A = Elapsed time spent in this place.
 B = Non-inter-level travel time spent in this place.
 C = Inter-level travel time spent in this place.
 D = Time resting spent in this place.
 E = Time spent auto-exploring this place.
 F = Levels seen in this place.
 G = Mean time per level.
                   A        B        C        D        E       F      G
               +--------+--------+--------+--------+--------+-----+--------+
         Total |    128 |    128 |      0 |      0 |      0 |   1 |  128.0 |
       Dungeon |    128 |    128 |      0 |      0 |      0 |   1 |  128.0 |
               +--------+--------+--------+--------+--------+-----+--------+

Top non-repeatable levels by time:
     D:1: 128 daAuts
